 Dungeon Crawl Stone Soup version 0.26-a0-812-g31a745ddcd (webtiles) character file.

Game seed: 16444532795448589317

10576 Borgoz the Grappler (level 11, -6/101 HPs)
             Began as a Ghoul Gladiator on Dec 6, 2020.
             Was a Believer of Ashenzari.
             Mangled by an orc warrior
             ... wielding a +0 glaive
              (14 damage)
             ... on level 10 of the Dungeon.
             The game lasted 00:18:28 (13060 turns).

Borgoz the Grappler (Ghoul Gladiator)              Turns: 13060, Time: 00:18:28

Health: -6/101     AC:  9    Str: 19    XL:     11   Next: 64%
Magic:  10/10      EV: 20    Int:  3    God:    Ashenzari [**....]
Gold:   395        SH:  0    Dex: 19    Spells: 10/10 levels left

rFire    . . .     SeeInvis .     - Unarmed
rCold    + . .     Faith    .   (no shield)
rNeg     + + +     Spirit   .   C - +0 steam dragon scales
rPois    ∞         Reflect  .   b - +0 helmet
rElec    .         Harm     .   h - +1 cloak {MR+}
rCorr    +         Rampage  .   (no gloves)
MR       +....                  (no boots)
Stlth    ++........             (no amulet)
HPRegen  0.00/turn              m - +6 ring of dexterity
MPRegen  0.12/turn              z - ring of resist corrosion

@: mighty
A: rotting body, claws 1, cold resistance 1, negative energy resistance 3,
inhibited regeneration, torment resistance, unbreathing
a: Curse Item, Scrying, Renounce Religion


You were on level 10 of the Dungeon.
You worshipped Ashenzari.
Ashenzari was pleased with you.
You visited 2 branches of the dungeon, and saw 11 of its levels.

You collected 395 gold pieces.

Inventory:

Hand Weapons
 c - a +3 quarterstaff of chaos
Missiles
 x - a throwing net (quivered)
Armour
 b - a +0 helmet (worn)
 h - a +1 cloak of magic resistance (worn)
 C - +0 steam dragon scales (worn)
Jewellery
 m - a +6 ring of dexterity (left claw)
 z - a ring of resist corrosion (right claw)
Wands
 g - a wand of paralysis (8)
 s - a wand of polymorph (8)
 B - a wand of digging (9)
Scrolls
 f - 8 scrolls of remove curse
 j - 4 scrolls of magic mapping
 n - a scroll of noise
 r - 3 scrolls of immolation
 v - 2 scrolls of amnesia
 w - 2 scrolls of enchant armour
 y - a scroll of brand weapon {unknown}
 A - a scroll of silence
Potions
 a - a potion of might
 d - 2 potions of attraction
 e - 2 potions of flight
 i - 2 potions of ambrosia {unknown}
 k - a potion of mutation
 l - 4 potions of degeneration
 p - a potion of berserk rage
 q - 4 potions of lignification
 t - 2 potions of resistance
 u - a potion of brilliance
 D - 3 potions of curing


   Skills:
 * Level 10.7 Fighting
 - Level 1.7 Throwing
 + Level 6.1 Armour
 * Level 9.3 Dodging
 * Level 11.0 Unarmed Combat


You had 10 spell levels left.
You didn't know any spells.
Your spell library was empty.

Dungeon Overview and Level Annotations

Branches:
Dungeon (10/15)            Temple (1/1) D:4            Lair (0/6) D:10
    Orc: D:9-12

Altars:
Ashenzari
Cheibriados
Dithmenos
Elyvilon
Fedhas
Gozag
Hepliaklqana
Kikubaaqudgha
Makhleb
Nemelex Xobeh
Okawaru
Qazlal
Ru
Sif Muna
Trog
Uskayaw
Vehumet
Wu Jian
Xom
Yredelemnul
Zin
The Shining One

Shops:
D:5 (   D:8 =


Innate Abilities, Weirdness & Mutations

Your body is rotting away.
You thrive by killing the living.
You are immune to poison.
You have sharp fingernails.
Your flesh is cold resistant. (rC+)
You are immune to negative energy. (rN+++)
You do not regenerate when monsters are visible.
You are immune to unholy pain and torment.
You can survive without breathing.


Message History

The adder is moderately wounded.
The adder bites you but does no damage.
The howler monkey hoots and howls with incredible vigour!
The orc warrior closely misses you.
You barely miss the adder.
The adder is moderately wounded.
The adder completely misses you.
The orc wizard mumbles some strange words.
The orc wizard flickers and vanishes!
Deactivating autopickup; reactivate with Ctrl-A.
The orc warrior hits you from afar with a +0 glaive!!
* * * LOW HITPOINT WARNING * * *
You scratch the adder.
The adder is moderately wounded.
The adder completely misses you. The orc warrior barely misses you.
It was a potion of might.
You feel very mighty all of a sudden. The adder bites you but does no damage.
The orc warrior hits you from afar with a +0 glaive!
You die...

#.#. .....
#.#.####zo... #.#
........#
#.###)..o....
...####....l)...###
........h(hh.......
..####(###.###.###
##########.###.# #
#....@Sohh..z..#
#.######h#l.#### ##
##.#..# ###
..##.....# ...
...#..#..##.###.
......#.........
....#..†.........
...##..##.##.####.#
.#.###..##.# ..#
#.#


You could see an orc warrior (fast), 3 howler monkeys, an iguana, a wight and an
adder.

Vanquished Creatures
  A two-headed ogre (D:9)
  A queen ant (D:7)
  An unseen horror (D:10)
  Pikel (D:8)
  A deep elf mage (D:10)
  Maurice (D:7)
  Maggie (D:6)
  A komodo dragon (D:9)
  A hornet (D:6)
  Prince Ribbit (D:8)
  Grinder (D:5)
  Sigmund (D:6)
  A wyvern (D:9)
  4 yaks
  5 soldier ants
  2 water moccasins
  4 orc warriors
  2 sky beasts
  3 ogres
  A phantom (D:7)
  5 centaurs
  4 lemures (D:8)
  A gnoll sergeant (D:6)
  3 bullfrogs
  A water moccasin skeleton (D:9)
  13 killer bees
  2 scorpions (D:6)
  3 wights (D:9)
  4 howler monkeys
  2 centaur zombies
  A quasit (D:6)
  9 hounds
  3 jellies
  3 centaur skeletons
  4 orc priests
  Crazy Yiuf (D:5)
  A bullfrog skeleton (D:9)
  Terence (D:3)
  9 orc wizards
  3 iguanas
  33 worker ants
  A hound skeleton (D:9)
  A worker ant zombie (D:5)
  Robin (D:3)
  10 gnolls
  14 adders
  3 shadow imps
  3 white imps
  7 ufetubi
  2 oozes (D:2)
  An adder zombie (D:7)
  An adder skeleton (D:5)
  4 worms
  2 leopard geckos
  25 orcs
  A ball python (D:1)
  12 bats
  4 giant cockroaches
  21 goblins
  9 hobgoblins
  A jackal (D:2)
  8 kobolds
  5 quokkas
  3 frilled lizards
  A jackal skeleton (D:4)
  A leopard gecko skeleton (D:6)
  A quokka skeleton (D:5)
  5 rats
287 creatures vanquished.

Vanquished Creatures (others)
  A gnoll (D:6)
  A giant cockroach zombie (D:6)
2 creatures vanquished.

Grand Total: 289 creatures vanquished

Notes
Turn   | Place    | Note
-------+----------+-------------------------------------------
     0 | D:1      | Borgoz the Ghoul Gladiator began the quest for the Orb.
     0 | D:1      | Reached XP level 1. HP: 17/17 MP: 0/0
   204 | D:1      | Reached XP level 2. HP: 25/25 MP: 1/1
   693 | D:2      | Reached XP level 3. HP: 30/30 MP: 2/2
  1155 | D:2      | Reached XP level 4. HP: 30/38 MP: 3/3
  1309 | D:2      | Reached skill level 4 in Unarmed Combat
  1866 | D:3      | Noticed Robin
  1874 | D:3      | Reached skill level 1 in Armour
  1936 | D:3      | Killed Robin
  1936 | D:3      | Reached XP level 5. HP: 9/45 MP: 4/4
  2233 | D:3      | Found a snail-covered altar of Cheibriados.
  2344 | D:3      | Noticed Terence
  2356 | D:3      | Killed Terence
  2416 | D:3      | Noticed an ogre
  2430 | D:3      | Killed an ogre
  2430 | D:3      | Reached XP level 6. HP: 19/52 MP: 5/5
  2676 | D:3      | Noticed an orc warrior
  2689 | D:3      | Killed an orc warrior
  2689 | D:3      | Reached skill level 5 in Unarmed Combat
  3116 | D:3      | You fall into a shaft and drop 2 floors!
  3116 | D:5      | Entered Level 5 of the Dungeon
  3193 | D:4      | Found a staircase to the Ecumenical Temple.
  3223 | D:4      | Found a sparkling altar of Nemelex Xobeh.
  3238 | Temple   | Entered the Ecumenical Temple
  3285 | Temple   | Became a worshipper of Ashenzari the Shackled
  3497 | D:4      | Found a sacrificial altar of Ru.
  3680 | D:4      | Found an opulent altar of Gozag.
  3742 | D:4      | Reached XP level 7. HP: 50/60 MP: 6/6
  3793 | D:4      | Found a stormy altar of Qazlal.
  4112 | D:5      | Reached skill level 5 in Fighting
  4113 | D:5      | Found Jiecipsaqeh's Weapon Shop.
  4209 | D:5      | Noticed Grinder
  4227 | D:5      | Paralysed by Grinder for 7 turns
  4235 | D:5      | Paralysed by Grinder for 3 turns
  4272 | D:5      | Killed Grinder
  4272 | D:5      | Reached skill level 5 in Dodging
  4272 | D:5      | Reached skill level 6 in Unarmed Combat
  4272 | D:5      | Reached XP level 8. HP: 29/69 MP: 7/7
  5189 | D:5      | Found a runed translucent door.
  5190 | D:5      | Noticed Crazy Yiuf
  5415 | D:5      | Killed Crazy Yiuf
  5739 | D:6      | Found an iron altar of Okawaru.
  5754 | D:6      | Reached skill level 7 in Unarmed Combat
  5940 | D:6      | Reached * piety under Ashenzari
  6127 | D:6      | Noticed Maggie
  6143 | D:6      | Killed Maggie
  6143 | D:6      | Reached XP level 9. HP: 52/79 MP: 8/8
  6255 | D:6      | Found a basalt altar of Yredelemnul.
  6301 | D:6      | Noticed Sigmund
  6325 | D:6      | Killed Sigmund
  6436 | D:6      | Found a glowing golden altar of the Shining One.
  6439 | D:6      | Noticed an angel
  6489 | D:7      | Reached skill level 8 in Unarmed Combat
  6543 | D:7      | Noticed a hornet
  6695 | D:6      | Killed a hornet
  7647 | D:7      | Reached XP level 10. HP: 73/90 MP: 9/9
  8106 | D:7      | Found an ancient bone altar of Kikubaaqudgha.
  8233 | D:7      | Found a shadowy altar of Dithmenos.
  8240 | D:7      | Reached skill level 9 in Unarmed Combat
  8369 | D:7      | Found a hazy altar of Hepliaklqana.
  8570 | D:8      | Noticed Prince Ribbit
  8573 | D:8      | Noticed Pikel
  8577 | D:8      | Killed Prince Ribbit
  9005 | D:8      | Killed Pikel
  9262 | D:8      | Reached skill level 5 in Armour
  9398 | D:8      | Noticed a queen ant
  9426 | D:8      | Noticed Maurice
  9864 | D:7      | Killed a queen ant
  9864 | D:7      | Reached skill level 10 in Unarmed Combat
 10494 | D:7      | Reached XP level 11. HP: 99/99 MP: 10/10
 10975 | D:7      | Killed Maurice
 10975 | D:7      | Reached skill level 10 in Fighting
 11408 | D:8      | Found Utorghib's Jewellery Shop.
 12487 | D:9      | Noticed a two-headed ogre
 12495 | D:9      | Killed a two-headed ogre
 12499 | D:9      | Found an ornate altar of the Wu Jian Council.
 12673 | D:10     | Entered Level 10 of the Dungeon
 12689 | D:10     | Noticed a deep elf mage
 12709 | D:10     | Killed a deep elf mage
 12801 | D:10     | Killed an unseen horror
 12801 | D:10     | Reached skill level 11 in Unarmed Combat
 12976 | D:10     | Found a staircase to the Lair.
 13046 | D:10     | Reached ** piety under Ashenzari
 13060 | D:10     | Mangled by an orc warrior

Illustrated notes

Levels and vault maps discovered:
D:1:      scummos_arrival_star, layout_basic, minmay_statues_item,
          interstate_on_off
D:2:      minmay_general_purpose_star, layout_basic, minmay_cut_off
D:3:      minmay_razor_zed, layout_basic, marbit_many_paths, uniq_terence,
          uniq_robin
D:4:      layout_rooms, nemelex_xobeh_ov_fountains_minmay, hangedman_ru_absence,
          lemuel_crystal_altar, kennysheep_mini, temple_fountains,
          grunt_decor_resistance
D:5:      layout_loops_corners, serial_shops, shop, uniq_crazy_yiuf_cottage,
          uniq_grinder
D:6:      layout_gridville, grunt_temple_overflow_holy_war,
          kennysheep_okawaru_gauntlet, uniq_maggie, uniq_sigmund
D:7:      layout_basic, lemuel_crystal_altar, nicolae_overflow_hidden_temple,
          nicolae_dithmenos_through_a_glass_darkly
D:8:      layout_loops_ring, serial_shops, shop, zaba_antful_of_joy,
          uniq_prince_ribbit1, uniq_pikel, uniq_maurice
D:9:      layout_roguey, lemuel_coloured_pillars_altar, serial_aquarium,
          aquarium_bridge_square [aquarium_subvault_window,
          aquarium_subvault_bridge, aquarium_subvault_wall,
          aquarium_subvault_wall], aquarium_window_2, aquarium_window_corner,
          aquarium_window_1, aquarium_window_1, aquarium_view_4,
          aquarium_view_2c, aquarium_pool_four
D:10:     layout_loops_ring, lair_entry_dummy
Temple:   dpeg_chambers_temple

Skill      XL: |  1  2  3  4  5  6  7  8  9 10 11 |
---------------+----------------------------------+-----
Dodging        | 3 4 5 6 7 8 9 |  9.3
Fighting       | 3 4 5 7 8 9 10 | 10.7
Unarmed Combat | 4 5 6 7 8 10 11 | 11.0
Armour         | 1 2 3 4 5 6 |  6.1
Throwing       | |  1.7

Action                   |  1- 3 |  4- 6 |  7- 9 | 10-12 || total
-------------------------+-------+-------+-------+-------++-------
Melee: Unarmed           |   122 |   204 |   354 |   578 ||  1258
       Punch             |       |     2 |    12 |    42 ||    56
Throw: Throwing net      |       |     2 |     5 |       ||     7
Evoke: Wand              |       |       |    21 |     3 ||    24
  Use: Scroll            |       |     7 |     8 |     9 ||    24
       Potion            |       |       |     5 |     1 ||     6
 Stab: Held in net/web   |       |     1 |       |       ||     1
       Invisible         |       |       |     1 |       ||     1
       Sleeping          |       |       |       |     2 ||     2
Armor: Leather armour    |    16 |       |       |       ||    16
       Ring mail         |    30 |    50 |       |       ||    80
       Scale mail        |       |    22 |   119 |       ||   141
       Steam dragon scal |       |       |    36 |   137 ||   173
Dodge: Dodged            |    94 |   117 |   373 |   614 ||  1198

Table legend: (Time is in decaauts)
 A = Elapsed time spent in this place.
 B = Non-inter-level travel time spent in this place.
 C = Inter-level travel time spent in this place.
 D = Time resting spent in this place.
 E = Time spent auto-exploring this place.
 F = Levels seen in this place.
 G = Mean time per level.
                   A        B        C        D        E       F      G
               +--------+--------+--------+--------+--------+-----+--------+
         Total |  12893 |  12530 |    363 |   4425 |   5567 |  11 | 1172.1 |
       Dungeon |  12688 |  12335 |    353 |   4425 |   5378 |  10 | 1268.8 |
        Temple |    204 |    194 |     10 |      0 |    189 |   1 |  204.0 |
               +--------+--------+--------+--------+--------+-----+--------+

Top non-repeatable levels by time:
     D:7: 2693 daAuts
     D:6: 2029 daAuts
     D:5: 1695 daAuts
     D:3: 1310 daAuts
     D:8: 1240 daAuts
     D:2: 1100 daAuts
     D:9: 1053 daAuts
     D:1: 680 daAuts
     D:4: 509 daAuts
    D:10: 374 daAuts
  Temple: 204 daAuts
